 Dungeon Crawl Stone Soup version 0.30-a0-457-g4b7bca3bfa (webtiles) character file.

Game seed: 11223014819211385623

139301 MackTheKnife the Cruncher (level 16, 0/199 (208) HPs)
             Began as an Armataur Wanderer on Dec 12, 2022.
             Was a Believer of Jiyva.
             Killed from afar by a deep elf annihilator (47 damage)
             ... with an iron shot
             ... on level 3 of the Elven Halls.
             The game lasted 00:46:25 (19411 turns).

MackTheKnife the Cruncher (Armataur Wanderer)      Turns: 19411, Time: 00:46:26

HP:   0/199 (208)   AC: 32    Str: 12    XL:     16   Next: 43%
MP:   9/9           EV:  1    Int: 29    God:    Jiyva [**....]
Gold: 889           SH:  0    Dex: 11    Spells: 25/34 levels left

rFire   . . .      SeeInvis +    L - +10 lajatang of Immorality {antimagic, rPois, staff}
rCold   . . .      Faith    +    (shield currently unavailable)
rNeg    . . .      Spirit   .    (body armour currently unavailable)
rPois   +          Reflect  .    (helmet currently unavailable)
rElec   .          Harm     .    (cloak currently unavailable)
rCorr   +          Roll     +    (gloves currently unavailable)
Will    +++..      NoTele   +    (no barding)
Stlth   +.........               D - amulet of faith {!P}
HPRegen 3.89/turn                k - +4 ring of protection
MPRegen 0.41/turn                r - ring of willpower

@: mighty, lethally poisoned (0 -> 0), tree-form, lightly drained
A: stationary, stasis, torment immunity, boosted hp, large, rugged brown scales
3, (deformed body), (armoured tail), roll, long tongue, awkward tongue, (horns
2), (stinger 1), see invisible, clever 2, frail 1, strong-willed 1, regeneration
3, wild magic 3, (pseudopods 2), (translucent skin 3), (sturdy frame 1)
}: 1/15 runes: slimy
a: Renounce Religion


You were on level 3 of the Elven Halls.
You worshipped Jiyva.
Jiyva was pleased with you.
You were a tree.
You visited 6 branches of the dungeon, and saw 26 of its levels.

You collected 1327 gold pieces.
You spent 438 gold pieces at shops.


Innate Abilities, Weirdness & Mutations

You are a tree.
Your roots penetrate the ground, keeping you stationary.
You cannot be teleported.
You are immune to unholy pain and torment.
Your maximum health is greatly increased.
Your equipment is partially melded.
(You are completely covered in rugged brown scales. (AC +3, +7% HP))
((Armour fits poorly on your strangely shaped body.))
((You have a long armoured tail.))
You roll when moving toward enemies. (Rampage)
Your long tongue fully drains potion bottles. (2x potion effects)
Your tongue gives you trouble enunciating. (1.5x scroll delay)
((You have a pair of horns on your head.))
((Your tail ends in a venomous barb.))
You have supernaturally acute eyesight. (SInv)
Your mind is very acute. (Int +8, Str/Dex -2)
You are frail. (-10% HP)
You are strong-willed. (Will+)
You regenerate.
Your spells are much harder to cast, but much more powerful.
((Armour fits poorly on your large pseudopods.))
((Your transparent skin significantly reduces your foes' accuracy. (Stealth+)))
((Your movements are slightly less encumbered by armour. (ER -2)))


   Skills:
 - Level 13.3 Fighting
 - Level 14.0 Staves
 - Level 10.4 Armour
 - Level 2.9 Dodging
 - Level 2.9 Shields
 + Level 9.6 Spellcasting
 + Level 9.9 Conjurations
 + Level 10.0 Fire Magic
 - Level 7.5 Earth Magic
 - Level 1.0 Poison Magic


You had 25 spell levels left.
You knew the following spells:

 Your Spells              Type           Power      Damage    Failure   Level
a - Sting                 Tmut/Pois      100%       1d8       13%         1
b - Stone Arrow           Conj/Erth      100%       3d13      3%          3
c - Fireball              Conj/Fire      47%        3d19      10%         5

Your spell library contained the following spells:

 Spells                   Type           Power      Damage    Failure   Level
 Foxfire                  Conj/Fire      100%       2x1d9     1%          1
 Sandblast                Erth           100%       2d20      3%          1
 Shock                    Conj/Air       100%       1d9       4%          1
 Momentum Strike          Conj/Tloc      100%       3d10      6%          2
 Ignite Poison            Fire/Tmut/Pois 61%        N/A       12%         3
 Kindle Blastsparks       Fire/Tloc/Air  100%       2d18      13%         3
 Blink                    Tloc           52%        N/A       21%         2
 Leda's Liquefaction      Hex/Erth       30%        N/A       26%         4
 Petrify                  Tmut/Erth      61%        N/A       26%         4
 Spider Form              Tmut/Pois      31%        N/A       28%         3
 Starburst                Conj/Fire      47%        6d13      28%         6
 Lesser Beckoning         Tloc           52%        N/A       32%         3
 Arcjolt                  Conj/Air       34%        1d44      36%         5
 Freezing Cloud           Conj/Ice/Air   29%        6-21      54%         5
 Alistair's Intoxication  Tmut/Pois      20%        N/A       86%         5
 Blade Hands              Tmut           13%        N/A       90%         5
 Yara's Violent Unravell  Hex/Tmut       13%        3d7       90%         5
 Spellforged Servitor     Conj/Summ      34%        N/A       100%        7
 Summon Hydra             Summ           13%        N/A       100%        7

Inventory:

Hand Weapons
 b - a +4 lajatang of freezing {staff}
   (You subdued it on level 2 of the Elven Halls)
 i - a +5 executioner's axe of venom {axerare=g}
   (You subdued it on level 2 of the Elven Halls)
 u - a +2 spectral quarterstaff {staff}
   (You took it off Joseph on level 9 of the Dungeon)
 x - a +5 quarterstaff of flaming {staff}
   (You took it off Crazy Yiuf on level 2 of the Dungeon)
 L - the +10 lajatang of Immorality (weapon) {antimagic, rPois, staff}
   (You found it on level 5 of the Pits of Slime)

   It reduces the magical energy of the wielder, and disrupts the spells and
   magical abilities of those it strikes.
   Natural abilities and divine invocations are not affected.
   rPois:     It protects you from poison.
Armour
 j - a +4 ring mail (melded)
   (You found it on level 4 of the Lair of Beasts)
 w - a +2 cloak (melded)
   (You took it off Crazy Yiuf on level 2 of the Dungeon)
 y - a +2 hat
   (You found it on level 3 of the Dungeon)
 B - a +0 pair of gloves (melded)
   (You found it on level 2 of the Lair of Beasts)
Jewellery
 k - a +4 ring of protection (left branch)
   (You found it on level 1 of the Dungeon)
 l - a ring of ice
   (You found it on level 3 of the Lair of Beasts)
 r - a ring of willpower (right branch)
   (You found it on level 2 of the Elven Halls)
 z - the ring "Veweelua" {rPois rCorr Str+2}
   (You found it on level 5 of the Lair of Beasts)

   [ring of poison resistance]

   Str:       It affects your strength (+2).
   rPois:     It protects you from poison.
   rCorr:     It protects you from acid and corrosion.
 D - an amulet of faith (around neck) {!P}
   (You found it on level 5 of the Dungeon)
Wands
 F - a wand of charming (5)
   (You found it on level 9 of the Dungeon)
 R - a wand of polymorph (5)
   (You took it off an orc priest on level 7 of the Dungeon)
Scrolls
 c - a scroll of fog
 d - a scroll of identify {@r1}
 h - 4 scrolls of immolation {!r!r}
 n - 2 scrolls of brand weapon
 o - 6 scrolls of teleportation {@r4}
 s - a scroll of blinking {!r}
 t - a scroll of fear
 v - a scroll of silence {!r}
 C - a scroll of magic mapping {!r}
 G - a scroll of amnesia
Potions
 a - 5 potions of ambrosia
 f - 2 potions of mutation {!q}
 g - 4 potions of lignification {!q}
 m - 2 potions of haste {@q3}
 A - a potion of curing {@q1}
 V - a potion of brilliance
 Z - a potion of magic

Dungeon Overview and Level Annotations

Branches:
Dungeon (10/15) Zot: 26305  Temple (1/1) D:5 Zot: 5854    Lair (5/5) D:8 Zot: 25127
  Swamp (0/4) Lair:3        Snake (0/4) Lair:3        Slime (5/5) Lair:4 Zot: 26824
    Orc (2/2) D:10 Zot: 11012     Elf (3/3) Orc:2 Zot: 14533

Altars:
Ashenzari
Cheibriados
Dithmenos
Elyvilon
Fedhas
Gozag
Hepliaklqana
Kikubaaqudgha
Makhleb
Nemelex Xobeh
Okawaru
Qazlal
Ru
Sif Muna
Trog
Uskayaw
Vehumet
Wu Jian
Xom
Yredelemnul
Zin
The Shining One
Jiyva

Shops:
D:8 *   Orc:2 ?(*!   Elf:1 ?   Elf:2 [*

Annotations:
Slime:2 Dissolution
Slime:5 Royal Jelly

#.# #.............#
#.#
##.............##
#.#
##...............##
#.#
#.......###.......#
#.# #......##
##......# ..#
#.....## ##.....#
### #.....# #.....#
# #.....## ##.....#
#..)♣e.# ##......#
#...†e).###.......#
##...............##
# ##^e...........##
### #.............#
..# #.............#
###
###.......).######
..#
#'#######)#.....
..# ... #..e(e....


You could see a deep elf master archer, a deep elf annihilator and a deep elf
sorcerer.


Message History

The arrow hits you but does no damage. 😮 HP[+1]
You slash the deep elf death mage!
The deep elf death mage's magic leaks into the air.
You feel yourself slow down.
The deep elf death mage hits you but does no damage.
The deep elf annihilator points at you and mumbles some strange words.
The poison arrow hits you!
You are poisoned.
You partially resist.
The ghostly deep elf death mage hits you but does no damage.
The deep elf master archer shoots an arrow.
The arrow hits you!!
* * * LOW HITPOINT WARNING * * *
😨 HP[-44]
You take 44 damage, and now have 89/193 hp.
MASSIVE DAMAGE!! (PAUSE)
You slice the deep elf death mage!!
The deep elf death mage's magic leaks into the air.
You feel very sick.
The deep elf master archer shoots an arrow.
The arrow hits you!!
* * * LOW HITPOINT WARNING * * *
The ghostly deep elf death mage casts a spell at you.
The bolt of negative energy hits you but does no damage.
The deep elf death mage hits you but does no damage.
The deep elf annihilator gestures wildly while chanting.
The deep elf annihilator blinks! 😨 HP[-20]
You take 20 damage, and now have 69/193 hp.
Unknown command.
You miss the deep elf death mage.
You feel sick. 😨 HP[+2]
You regained 2 hp, and now have 71/193 hp.
Unknown command.
You slash the deep elf death mage!
The deep elf death mage's magic leaks into the air.
You feel sick.
The deep elf death mage falters for a moment.
The ghostly deep elf death mage hits you but does no damage. 😨 HP[+1] Unknown command.
You slice the deep elf death mage!!
You kill the deep elf death mage!
You feel sick.
The deep elf sorcerer hits you with a +0 dire flail.
* * * LOW HITPOINT WARNING * * *
Your Fire Magic skill increases to level 10! 😨 HP[-5]
You now have 196 max hp (+3).
You take 5 damage, and now have 67/196 hp.
Unknown command.
You slice the ghostly deep elf death mage!!
The ghostly deep elf death mage's magic leaks into the air.
You feel sick. 😨 HP[+2]
You regained 2 hp, and now have 69/196 hp.
Unknown command.
You slice the ghostly deep elf death mage!!
You destroy the ghostly deep elf death mage!
You feel sick.
The deep elf annihilator points at you and mumbles some strange words.
The bolt of lightning hits you but does no damage.
The deep elf master archer shoots an arrow.
The arrow hits you!!
* * * LOW HITPOINT WARNING * * *
You hear a shout! x3 😨 HP[-19]
You now have 199 max hp (+3).
You take 19 damage, and now have 50/199 hp.
Unknown command.
You hit the deep elf master archer.
You feel sick.
The deep elf master archer unwields a +0 longbow.
The deep elf master archer hits you.
* * * LOW HITPOINT WARNING * * *
The deep elf sorcerer hits you but does no damage. 😱 HP[-1]
You take 1 damage, and now have 49/199 hp.
Unknown command.
Okay, then.
Casting: Stone Arrow (mildly dangerous; 3% risk of failure)
Confirm with . or Enter, or press ? or * to list all spells.
Okay, then.
Unknown command.
Okay, then.
Unknown command.
Unknown command.
Unknown command.
You slice the deep elf master archer!!
The deep elf master archer wields a +0 longbow.
The deep elf master archer shoots an arrow.
The arrow hits you.
* * * LOW HITPOINT WARNING * * *
😱 HP[-4]
You take 4 damage, and now have 45/199 hp.
Unknown command.
You slash the deep elf master archer!
You feel sick.
The deep elf annihilator casts a spell at you.
The iron shot hits you!!!
You die...

Skill      XL: |  1  2  3  4  5  6  7  8  9 10 11 12 13 14 15 16 |
---------------+-------------------------------------------------+-----
Fighting       | 2 3 4 6 7 9 11 13 | 13.3
Spellcasting   | 3 4 5 7 8 9 |  9.6
Staves         | 3 4 6 8 10 11 14 | 14.0
Armour         | 3 4 10 | 10.4
Conjurations   | 3 4 7 8 9 |  9.9
Earth Magic    | 3 4 7 |  7.5
Fire Magic     | 2 9 10 | 10.0
Dodging        | |  2.9
Shields        | |  2.9
Poison Magic   | |  1.0

Action                   |  1- 3 |  4- 6 |  7- 9 | 10-12 | 13-15 | 16-18 || total
-------------------------+-------+-------+-------+-------+-------+-------++-------
Melee: Club              |     3 |       |       |       |       |       ||     3
       Whip              |    47 |       |       |       |       |       ||    47
       Tailslap          |    12 |     2 |    17 |    86 |   141 |    17 ||   275
       Dagger            |     9 |       |       |       |       |       ||     9
       Hand axe          |     5 |       |       |       |       |       ||     5
       Quarterstaff      |       |    24 |   172 |   162 |       |       ||   358
       Lajatang          |       |       |       |   376 |  1129 |   118 ||  1623
       Headbutt          |       |       |       |    12 |   192 |    22 ||   226
       Pseudopods        |       |       |       |       |    85 |    18 ||   103
 Cast: Sting             |    43 |    10 |    17 |     3 |       |       ||    73
       Stone Arrow       |       |       |       |       |     3 |       ||     3
Invok: Oozemancy         |       |     2 |     6 |     6 |    19 |     2 ||    35
       Slimify           |       |       |       |     1 |     2 |       ||     3
Evoke: Wand              |       |       |       |     1 |     5 |     2 ||     8
  Use: Scroll            |       |       |     7 |     8 |    15 |     3 ||    33
       Potion            |       |       |       |       |     6 |     7 ||    13
 Stab: Petrifying        |       |       |     1 |       |       |       ||     1
       Paralysed         |       |       |       |     1 |       |       ||     1
       Sleeping          |       |       |       |       |     5 |       ||     5
       Distracted        |       |       |       |       |     1 |     1 ||     2
Armor: Robe              |    29 |       |       |       |       |       ||    29
       Leather armour    |    13 |     7 |    81 |    55 |       |       ||   156
       Ring mail         |       |       |       |   193 |   554 |    16 ||   763
       Skin              |       |       |       |       |       |    17 ||    17
Dodge: Dodged            |    34 |     8 |    81 |   221 |   536 |    23 ||   903
Block: Buckler           |    22 |     2 |       |       |       |       ||    24

Levels and vault maps discovered:
D:1:      dpeg_arrival_boxorama, layout_basic,
          shapermc_ecumenical_altar_pompeii, dreamdust_princess_bridge
D:2:      layout_basic, uniq_crazy_yiuf_cottage
D:3:      layout_loops_ring, minmay_misc_feat_alley, nrook_mini_backslash,
          uniq_robin, uniq_ijyb
D:4:      nicolae_cairo_tiling_very_big, layout_cave_pods,
          minmay_strange_pillars, uniq_pikel
D:5:      layout_rooms, minmay_temple_entry_from_below_a, grunt_ministairs_8
D:6:      layout_loops_cross, kennysheep_ying_yang, grunt_temple_overflow_open
D:7:      layout_layer_cave, hangedman_decor_peaks_small
D:8:      layout_basic, hellmonk_lair_entry_icy, serial_shops, shop
D:9:      layout_layer_cave, serial_demonic, serial_demonic_d, serial_demonic_b,
          serial_demonic_a, serial_demonic_a, serial_demonic_c,
          serial_demonic_b, serial_demonic_g, serial_demonic_d,
          serial_demonic_b, serial_demonic_d, minmay_stone_trees_small,
          uniq_joseph
D:10:     layout_rooms, marbit_many_paths,
          mainiacjoe_overflow_concentric_impassable, zombieorc2_lemuel,
          uniq_sonja, uniq_gastronok, uniq_psyche, uniq_erica
Temple:   hellmonk_temple_forest_ring
Lair:1:   layout_roguey, serial_bayou_shore_b
Lair:2:   layout_loops_ring, basic_altar, nicolae_lair_grove_arrangements,
          uniq_harold, uniq_maggie
Lair:3:   layout_gridlike, minmay_swamp_entry_reptiles,
          guppyfry_snake_entry_garden
Lair:4:   layout_regular_city, minmay_slime_entry_jelly_boxes,
          chequers_serial_rivers_micro_c, infiniplex_staircase_pool,
          grunt_megastairs_2
Lair:5:   minmay_lair_end_enchanted_forest, layout_loops_ring, basic_altar,
          ebering_ghost_inner_flame, pond
Slime:1:  layout_caves
Slime:2:  layout_caves, nicolae_slime_phagocytosis, uniq_dissolution
Slime:3:  layout_caves
Slime:4:  layout_caves
Slime:5
Orc:1:    layout_caves, uniq_nergalle, uniq_erolcha
Orc:2:    st_orc_mages, layout_caves, serial_shops, nicolae_shop_hallway_plus,
          uniq_maurice
Elf:1:    nicolae_elf_arrival_no_cutting_in_line, layout_geoelf_diagonals,
          serial_shops, nicolae_shop_crystal, evilmike_minifort, uniq_kirke,
          uniq_azrael
Elf:2:    nicolae_elf_blades_crystal_corner, layout_loops_corners,
          minmay_shoptagon, uniq_nikola
Elf:3:    nooodl_elf_gasket, layout_loops_ring, serial_shops,
          nicolae_shop_bloodbath_and_beyond, nicolae_elf_big_sculpture_3,
          nicolae_elf_shapeshifter_party

Notes
Turn   | Place    | Note
-------+----------+-------------------------------------------
     0 | D:1      | MackTheKnife the Armataur Wanderer began the quest for the
                  | Orb.
     0 | D:1      | MackTheKnife set off with the following items: a +0 club
                  | {mace}, a +0 helmet, a scroll of fog, a +0 robe, a +2
                  | buckler; and the following spell memorised: Sting; and the
                  | following spells available to memorise: Spider Form.
     0 | D:1      | Reached XP level 1. HP: 18/18 MP: 2/2
     0 | D:1      | magus.rc [v1.9.6]
    41 | D:1      | Reached skill level 2 in Fighting
    41 | D:1      | Reached XP level 2. HP: 18/26 MP: 0/3
   379 | D:1      | Reached skill level 3 in Fighting
   644 | D:1      | Reached XP level 3. HP: 28/33 MP: 0/4
  1407 | D:1      | Found a faded altar of an unknown god.
  1473 | D:1      | Prayed at the altar of an unknown god.
  1473 | D:1      | Became a worshipper of Jiyva Jeupp the Shapeless
  1473 | D:1      | Reached * piety under Jiyva
  1921 | D:2      | Reached XP level 4. HP: 40/40 MP: 4/6
  2202 | D:2      | Reached ** piety under Jiyva
  2359 | D:2      | Found a runed translucent door.
  2360 | D:2      | Noticed Crazy Yiuf
  2470 | D:2      | Killed Crazy Yiuf
  2710 | D:3      | Killed Robin
  2919 | D:3      | Reached *** piety under Jiyva
  2969 | D:3      | Killed Ijyb
  3188 | D:4      | Noticed a scorpion
  3217 | D:4      | Noticed Pikel
  3217 | D:4      | Noticed a lemure
  3217 | D:4      | Noticed a lemure
  3217 | D:4      | Noticed a lemure
  3217 | D:4      | Noticed a lemure
  3222 | D:3      | Reached skill level 2 in Spellcasting
  3343 | D:4      | Killed a scorpion
  3344 | D:4      | Reached skill level 3 in Spellcasting
  3344 | D:4      | Reached XP level 5. HP: 48/48 MP: 6/9
  3439 | D:4      | Gained mutation: Your melee attacks may engulf your foes in
                  | ooze. [Jiyva's grace]
  3439 | D:4      | Gained mutation: Your flesh is heat resistant. (rF+)
                  | [Jiyva's grace]
  3439 | D:4      | Gained mutation: Your flesh is very heat resistant. (rF++)
                  | [Jiyva's grace]
  3439 | D:4      | Gained mutation: Your flesh is almost immune to the effects
                  | of heat. (rF+++) [Jiyva's grace]
  3538 | D:4      | Reached **** piety under Jiyva
  3560 | D:4      | Killed a lemure
  3666 | D:4      | Killed a lemure
  3669 | D:4      | Killed a lemure
  3676 | D:4      | Killed a lemure
  3705 | D:4      | Killed Pikel
  3706 | D:4      | Reached skill level 4 in Fighting
  3706 | D:4      | Reached skill level 3 in Staves
  3706 | D:4      | Reached XP level 6. HP: 54/58 MP: 10/10
  3706 | D:4      | Reached XP level 7. HP: 59/64 MP: 11/11
  3724 | D:4      | Reached skill level 5 in Fighting
  4059 | D:5      | Entered Level 5 of the Dungeon
  4274 | D:5      | Reached skill level 4 in Staves
  4345 | D:5      | Found a staircase to the Ecumenical Temple.
  4595 | D:6      | Identified the +1 leather armour of the Desert {rC- Int+4}
  4611 | D:6      | Reached skill level 6 in Fighting
  4611 | D:6      | Reached XP level 8. HP: 61/74 MP: 12/12
  4853 | D:6      | Reached ***** piety under Jiyva
  4857 | D:6      | Found a white marble altar of Elyvilon.
  4974 | D:6      | Found a basalt altar of Yredelemnul.
  4975 | D:6      | Lost mutation: Your flesh is almost immune to the effects
                  | of heat. (rF+++) [Jiyva's grace]
  4975 | D:6      | Gained mutation: You have a small jelly attached to you
                  | that senses nearby items. [Jiyva's grace]
  4975 | D:6      | Gained mutation: You have a small jelly attached to you
                  | that may absorb projectiles. [Jiyva's grace]
  4975 | D:6      | Gained mutation: You expend magic power (3 MP) to
                  | strengthen your wands. [Jiyva's grace]
  4975 | D:6      | Gained mutation: You are strong-willed. (Will+) [Jiyva's
                  | grace]
  5005 | D:6      | Reached skill level 5 in Staves
  5080 | D:6      | Found an ancient bone altar of Kikubaaqudgha.
  5083 | D:6      | Found a blossoming altar of Fedhas.
  5084 | D:6      | Found a glowing silver altar of Zin.
  5084 | D:6      | Found a glowing golden altar of the Shining One.
  5085 | D:6      | Found a bloodstained altar of Trog.
  5216 | Temple   | Entered the Ecumenical Temple
  5517 | D:7      | Reached skill level 7 in Fighting
  5583 | D:7      | Reached skill level 6 in Staves
  5996 | D:7      | Reached XP level 9. HP: 81/85 MP: 13/13
  6687 | D:8      | Reached skill level 8 in Fighting
  6687 | D:8      | Reached skill level 7 in Staves
  6732 | D:8      | Lost mutation: Your flesh is very heat resistant. (rF++)
                  | [Jiyva's grace]
  6732 | D:8      | Lost mutation: You have a small jelly attached to you that
                  | senses nearby items. [Jiyva's grace]
  6732 | D:8      | Gained mutation: You possess an exceptional clarity of
                  | mind. [Jiyva's grace]
  6732 | D:8      | Gained mutation: You have supernaturally acute eyesight.
                  | (SInv) [Jiyva's grace]
  6732 | D:8      | Gained mutation: Your system is resistant to poisons.
                  | (rPois) [Jiyva's grace]
  6732 | D:8      | Gained mutation: Your flesh is very heat resistant. (rF++)
                  | [Jiyva's grace]
  6745 | D:8      | Found a staircase to the Lair.
  6745 | D:8      | Noticed a rime drake
  6752 | D:8      | Killed a rime drake
  6900 | D:8      | Reached skill level 8 in Staves
  6976 | D:8      | Found Jiynaklu's Assorted Antiques.
  6982 | D:8      | Bought a silvery potion for 22 gold pieces
  6982 | D:8      | Bought a lumpy dark potion for 22 gold pieces
  6982 | D:8      | Bought a scroll of identify for 50 gold pieces
  6989 | D:8      | Noticed a two-headed ogre
  6999 | D:8      | Killed a two-headed ogre
  7000 | D:8      | Reached skill level 9 in Fighting
  7175 | Lair:1   | Entered Level 1 of the Lair of Beasts
  7214 | D:9      | Noticed a soul eater
  7223 | D:9      | Noticed a troll
  7267 | Lair:1   | Reached XP level 10. HP: 78/97 MP: 14/14
  7333 | Lair:1   | Reached skill level 9 in Staves
  7419 | Lair:1   | Reached skill level 10 in Fighting
  7558 | Lair:1   | Noticed a cane toad
  7568 | Lair:1   | Killed a cane toad
  7873 | Lair:1   | Reached skill level 10 in Staves
  7917 | Lair:1   | Noticed a cane toad
  7928 | Lair:1   | Killed a cane toad
  8125 | Lair:2   | Lost mutation: Your flesh is very heat resistant. (rF++)
                  | [Jiyva's grace]
  8125 | Lair:2   | Lost mutation: You are strong-willed. (Will+) [Jiyva's
                  | grace]
  8125 | Lair:2   | Lost mutation: You expend magic power (3 MP) to strengthen
                  | your wands. [Jiyva's grace]
  8125 | Lair:2   | Lost mutation: Your melee attacks may engulf your foes in
                  | ooze. [Jiyva's grace]
  8125 | Lair:2   | Gained mutation: Your mind is acute. (Int +4, Str/Dex -1)
                  | [Jiyva's grace]
  8125 | Lair:2   | Gained mutation: Your mind is very acute. (Int +8, Str/Dex
                  | -2) [Jiyva's grace]
  8125 | Lair:2   | Gained mutation: Your movements are slightly less
                  | encumbered by armour. (ER -2) [Jiyva's grace]
  8125 | Lair:2   | Gained mutation: Your movements are less encumbered by
                  | armour. (ER -4) [Jiyva's grace]
  8141 | Lair:2   | Found a hide-covered altar of Uskayaw.
  8154 | Lair:2   | Reached skill level 1 in Armour
  8199 | Lair:2   | You fall into a shaft and drop 2 floors!
  8222 | Lair:4   | Found a staircase to the Slime Pits.
  8257 | Lair:4   | Reached skill level 11 in Fighting
  8257 | Lair:4   | Reached skill level 2 in Armour
  8281 | Lair:4   | Reached skill level 3 in Armour
  8281 | Lair:4   | Reached XP level 11. HP: 97/109 MP: 15/15
  8409 | Lair:4   | Reached skill level 4 in Armour
  8485 | Lair:3   | Reached ****** piety under Jiyva
  8608 | Slime:1  | Entered Level 1 of the Pits of Slime
  8611 | Slime:2  | Noticed Dissolution
  8611 | Slime:2  | Noticed a rockslime
  8614 | Slime:2  | Noticed a shining eye
  8617 | Slime:3  | Noticed an acid blob
  8622 | Slime:4  | Noticed a rockslime
  8631 | Slime:4  | Noticed a rockslime
  8634 | Slime:4  | Noticed an acid blob
  8635 | Slime:4  | Noticed an acid blob
  8638 | Slime:5  | Entered Level 5 of the Pits of Slime
  8638 | Slime:5  | Noticed an acid blob
  8644 | Slime:5  | Noticed an acid blob
  8700 | Slime:5  | Noticed an acid blob
  8703 | Slime:5  | Noticed a quicksilver ooze
  8705 | Slime:5  | Found a viscous altar of Jiyva.
  8705 | Slime:5  | Noticed the Royal Jelly
  8706 | Slime:5  | Noticed a rockslime
  8706 | Slime:5  | Noticed a rockslime
  8707 | Slime:5  | Noticed a great orb of eyes
  8708 | Slime:5  | Noticed an acid blob
  8708 | Slime:5  | Noticed a great orb of eyes
  8715 | Slime:5  | You add the spells Sandblast, Stone Arrow, Leda's
                  | Liquefaction and Blade Hands to your library.
  8715 | Slime:5  | Got the Volume of Shapes and the Mountains
  8716 | Slime:5  | Identified the +2 quarterstaff of the Snake Pit {protect,
                  | rN+}
  8723 | Slime:5  | Learned a level 3 spell: Stone Arrow
  8738 | Slime:5  | Identified the +10 lajatang of Immorality {antimagic,
                  | rPois}
  8741 | Slime:5  | Got a slimy rune of Zot
  8745 | Slime:5  | Noticed an acid blob
  8755 | Slime:5  | Noticed an acid blob
  8801 | Slime:3  | Noticed a great orb of eyes
  8801 | Slime:3  | Noticed a quicksilver ooze
  8872 | Lair:4   | Reached skill level 1 in Conjurations
  8872 | Lair:4   | Reached skill level 1 in Earth Magic
  8909 | Lair:4   | Reached skill level 2 in Conjurations
  8909 | Lair:4   | Reached skill level 2 in Earth Magic
  8973 | Lair:4   | Reached skill level 4 in Spellcasting
  9063 | Lair:4   | Reached skill level 3 in Conjurations
  9063 | Lair:4   | Reached skill level 3 in Earth Magic
  9579 | Lair:3   | Noticed a boulder beetle
  9592 | Lair:3   | Killed a boulder beetle
  9593 | Lair:3   | Reached skill level 11 in Staves
  9692 | Lair:3   | Noticed a six-headed hydra
  9716 | Lair:3   | Reached XP level 12. HP: 113/117 MP: 6/18
  9720 | Lair:3   | Killed an 11-headed hydra
  9723 | Lair:3   | Reached skill level 12 in Staves
  9827 | Lair:3   | Found a staircase to the Swamp.
  9955 | Lair:3   | Lost mutation: You possess an exceptional clarity of mind.
                  | [Jiyva's grace]
  9955 | Lair:3   | Lost mutation: Your system is resistant to poisons. (rPois)
                  | [Jiyva's grace]
  9955 | Lair:3   | Gained mutation: Your translucent skin slightly reduces
                  | your foes' accuracy. (Stealth+) [Jiyva's grace]
  9955 | Lair:3   | Gained mutation: Your translucent skin reduces your foes'
                  | accuracy. (Stealth+) [Jiyva's grace]
  9955 | Lair:3   | Gained mutation: Your transparent skin significantly
                  | reduces your foes' accuracy. (Stealth+) [Jiyva's grace]
  9955 | Lair:3   | Gained mutation: Your spells are a little harder to cast,
                  | but a little more powerful. [Jiyva's grace]
 10055 | Lair:3   | Found a staircase to the Snake Pit.
 10330 | Lair:2   | Identified the +10 plate armour of Uteraej {rF- Str+2
                  | Slay+2}
 10466 | Lair:2   | Noticed Maggie
 10476 | Lair:2   | Killed Maggie
 10477 | Lair:2   | Reached skill level 13 in Staves
 10526 | Lair:2   | Noticed Harold
 10536 | Lair:2   | Killed Harold
 10542 | Lair:2   | Noticed a boulder beetle
 10571 | Lair:2   | HP: 24/117 [boulder beetle (9)]
 10592 | Lair:2   | Killed a boulder beetle
 11087 | Lair:5   | Entered Level 5 of the Lair of Beasts
 11121 | Lair:5   | HP: 29/117 [yak (8)]
 11229 | Lair:5   | Reached skill level 14 in Staves
 11244 | Lair:5   | Found a blossoming altar of Fedhas.
 11299 | Lair:5   | Noticed a catoblepas
 11313 | Lair:5   | Killed a catoblepas
 11395 | Lair:5   | Found a runed translucent door.
 11400 | Lair:5   | Noticed Verendum's ghost (journeyman OpTm)
 11531 | Lair:5   | Killed Verendum's ghost
 11532 | Lair:5   | Reached skill level 4 in Conjurations
 11532 | Lair:5   | Reached skill level 4 in Earth Magic
 11540 | Lair:5   | Identified the ring "Veweelua" {rPois rCorr Str+2}
 11591 | Lair:5   | Lost mutation: Your spells are a little harder to cast, but
                  | a little more powerful. [Jiyva's grace]
 11591 | Lair:5   | Lost mutation: Your movements are less encumbered by
                  | armour. (ER -4) [Jiyva's grace]
 11591 | Lair:5   | Gained mutation: Your flesh is cold resistant. (rC+)
                  | [Jiyva's grace]
 11591 | Lair:5   | Gained mutation: Your flesh is very cold resistant. (rC++)
                  | [Jiyva's grace]
 11591 | Lair:5   | Gained mutation: Your flesh is almost immune to the effects
                  | of cold. (rC+++) [Jiyva's grace]
 11591 | Lair:5   | Gained mutation: You have a pair of small horns on your
                  | head. [Jiyva's grace]
 11629 | Lair:5   | Reached skill level 5 in Spellcasting
 11729 | Lair:5   | Reached XP level 13. HP: 79/124 MP: 6/20
 11804 | Lair:5   | Paralysed by a hornet for 2 turns
 11923 | Lair:5   | Reached skill level 5 in Conjurations
 11940 | Lair:5   | Reached skill level 5 in Earth Magic
 11957 | Lair:5   | You add the spells Kindle Blastsparks, Ignite Poison and
                  | Freezing Cloud to your library.
 12068 | Lair:5   | Reached skill level 6 in Spellcasting
 12628 | D:9      | Noticed Joseph
 12640 | D:9      | Killed Joseph
 12641 | D:9      | Reached skill level 6 in Conjurations
 12641 | D:9      | Reached skill level 6 in Earth Magic
 13131 | D:9      | Gained mutation: You have hidden genetic defects. [a
                  | neqoxec]
 13478 | D:9      | Reached skill level 7 in Spellcasting
 13490 | D:9      | HP: 16/124 [skeletal warrior/+0 glaive[a death knight]
                  | (19)]
 13494 | D:9      | Reached skill level 7 in Conjurations
 13494 | D:9      | Reached skill level 7 in Earth Magic
 13599 | D:9      | Lost mutation: Your flesh is almost immune to the effects
                  | of cold. (rC+++) [Jiyva's grace]
 13599 | D:9      | Lost mutation: Your flesh is very cold resistant. (rC++)
                  | [Jiyva's grace]
 13599 | D:9      | Lost mutation: You have hidden genetic defects. [Jiyva's
                  | grace]
 13599 | D:9      | Gained mutation: Your natural rate of healing is unusually
                  | fast. [Jiyva's grace]
 13599 | D:9      | Gained mutation: You heal very quickly. [Jiyva's grace]
 13599 | D:9      | Gained mutation: You regenerate. [Jiyva's grace]
 13599 | D:9      | Gained mutation: You are strong-willed. (Will+) [Jiyva's
                  | grace]
 13964 | D:10     | Entered Level 10 of the Dungeon
 13964 | D:10     | Found a shimmering blue altar of Sif Muna.
 13983 | D:10     | You add the spells Shock, Arcjolt, Spellforged Servitor and
                  | Summon Hydra to your library.
 13983 | D:10     | Got the Directory of Destructive Assembling
 14015 | D:10     | You pick up a book of Spatial Translocations and begin
                  | reading...
 14015 | D:10     | You add the spells Blink, Momentum Strike and Lesser
                  | Beckoning to your library.
 14112 | D:10     | Noticed Erica
 14123 | D:10     | Killed Erica
 14148 | D:10     | Found a staircase to the Orcish Mines.
 14321 | D:10     | Noticed Gastronok
 14333 | D:10     | Killed Gastronok
 14362 | D:10     | Noticed Psyche
 14367 | D:10     | Noticed Sonja
 14369 | D:10     | Killed Psyche
 14370 | D:10     | Reached XP level 14. HP: 132/132 MP: 8/25
 14383 | D:10     | Killed Sonja
 14463 | D:10     | Found a broken altar of Ashenzari.
 14668 | Orc:1    | Entered Level 1 of the Orcish Mines
 14671 | Orc:1    | Noticed Nergalle
 14674 | Orc:1    | Noticed Erolcha
 14695 | Orc:1    | Slimified Erolcha
 14695 | Orc:1    | Erolcha changed into Erolcha the slime creature
 14695 | Orc:1    | Noticed Erolcha
 14699 | D:10     | Slimified Nergalle
 14699 | D:10     | Nergalle changed into Nergalle the azure jelly
 14699 | D:10     | Noticed Nergalle
 14702 | D:10     | Reached skill level 5 in Armour
 15011 | Orc:2    | Entered Level 2 of the Orcish Mines
 15074 | Orc:2    | Found a staircase to the Elven Halls.
 15208 | Orc:2    | Reached skill level 6 in Armour
 15233 | Orc:2    | Found Wuts's Antique Weapon Emporium.
 15233 | Orc:2    | Found Oleuro's Distillery.
 15233 | Orc:2    | Found Lengaem's Antique Weapon Emporium.
 15263 | Orc:2    | Reached skill level 12 in Fighting
 15283 | Orc:2    | Found Judwonn's General Store.
 15349 | Orc:2    | Reached skill level 7 in Armour
 15351 | Orc:2    | Noticed Maurice
 15362 | Orc:2    | Killed Maurice
 15390 | Orc:2    | Found Tograj's Magic Scroll Emporium.
 15406 | Orc:2    | Bought a scroll of magic mapping for 120 gold pieces
 15523 | Orc:2    | Lost mutation: You have a small jelly attached to you that
                  | may absorb projectiles. [Jiyva's grace]
 15523 | Orc:2    | Gained mutation: You have a pair of horns on your head.
                  | [Jiyva's grace]
 15523 | Orc:2    | Gained mutation: You have a pair of large horns on your
                  | head. [Jiyva's grace]
 15523 | Orc:2    | Gained mutation: Armour fits poorly on your pseudopods.
                  | [Jiyva's grace]
 15523 | Orc:2    | Gained mutation: Armour fits poorly on your large
                  | pseudopods. [Jiyva's grace]
 15747 | Elf:1    | Entered Level 1 of the Elven Halls
 15775 | Elf:1    | Reached skill level 8 in Armour
 15894 | Elf:1    | Found Ynekk's Magic Scroll Emporium.
 15898 | Elf:1    | Bought a scroll of blinking for 112 gold pieces
 15920 | Elf:1    | Noticed Kirke
 15930 | Elf:1    | Killed Kirke
 16034 | Elf:1    | Reached skill level 9 in Armour
 16130 | Elf:1    | Identified the +1 robe of Zoargh {rCorr}
 16340 | Elf:1    | Reached skill level 13 in Fighting
 16370 | Elf:1    | Noticed Azrael
 16392 | Elf:1    | Killed Azrael
 16538 | Elf:1    | Reached skill level 10 in Armour
 16742 | Elf:2    | You pick up a book of Fire and begin reading...
 16742 | Elf:2    | You add the spells Foxfire, Fireball and Starburst to your
                  | library.
 16777 | Elf:2    | Learned a level 5 spell: Fireball
 16806 | Elf:2    | Reached skill level 1 in Fire Magic
 16886 | Elf:2    | HP: 33/138 [deep elf archer/arrow (16)]
 16929 | Elf:2    | Reached skill level 2 in Fire Magic
 16929 | Elf:2    | Reached XP level 15. HP: 145/145 MP: 8/26
 16967 | Elf:2    | Reached skill level 3 in Fire Magic
 16973 | Elf:2    | Reached skill level 4 in Fire Magic
 17013 | Elf:2    | Found Kinioty's General Store.
 17034 | Elf:2    | Reached skill level 5 in Fire Magic
 17063 | Elf:2    | Found Axtorej's Antique Armour Shop.
 17067 | Elf:2    | Reached skill level 6 in Fire Magic
 17094 | Elf:2    | Bought a scroll of blinking for 112 gold pieces
 17388 | Elf:2    | Lost mutation: You have a pair of large horns on your head.
                  | [Jiyva's grace]
 17388 | Elf:2    | Lost mutation: Your flesh is cold resistant. (rC+) [Jiyva's
                  | grace]
 17388 | Elf:2    | Lost mutation: Your flesh is heat resistant. (rF+) [Jiyva's
                  | grace]
 17388 | Elf:2    | Gained mutation: Your spells are a little harder to cast,
                  | but a little more powerful. [Jiyva's grace]
 17388 | Elf:2    | Gained mutation: Your spells are harder to cast, but more
                  | powerful. [Jiyva's grace]
 17388 | Elf:2    | Gained mutation: Your spells are much harder to cast, but
                  | much more powerful. [Jiyva's grace]
 17388 | Elf:2    | Gained mutation: Your tail ends in a venomous barb.
                  | [Jiyva's grace]
 17389 | Elf:2    | Found a runed translucent gate.
 17390 | Elf:2    | Found a runed translucent gate.
 17390 | Elf:2    | Found a runed translucent gate.
 17534 | Elf:2    | Reached skill level 7 in Fire Magic
 17663 | Elf:2    | i - a +5 executioner's axe of venom {axerare=g}
 17836 | Elf:2    | Reached skill level 8 in Fire Magic
 17923 | Elf:2    | Noticed Nikola
 17948 | Elf:2    | Killed Nikola
 17949 | Elf:2    | Reached skill level 8 in Spellcasting
 17949 | Elf:2    | Reached skill level 8 in Conjurations
 18330 | Elf:3    | Entered Level 3 of the Elven Halls
 18384 | Elf:3    | Found Betun's Weapon Shop.
 18508 | Elf:3    | You add the spells Petrify, Yara's Violent Unravelling and
                  | Alistair's Intoxication to your library.
 18508 | Elf:3    | Got the Exposition on Transmogrification
 18984 | Elf:3    | Gained mutation: You are frail. (-10% HP) [a cacodemon]
 19006 | Elf:3    | Reached skill level 9 in Fire Magic
 19044 | Elf:3    | Noticed a deep elf master archer
 19069 | Elf:3    | Killed a deep elf master archer
 19069 | Elf:3    | Noticed a deep elf master archer
 19070 | Elf:3    | Reached XP level 16. HP: 106/139 MP: 9/28
 19072 | Elf:3    | HP: 28/139 [deep elf master archer/arrow (16)]
 19079 | Elf:3    | Killed a deep elf master archer
 19080 | Elf:3    | Reached skill level 9 in Conjurations
 19175 | Elf:3    | Identified the ring of Gluttony {rPois rC+ rN+++ Int-2
                  | Dex+6}
 19187 | Elf:3    | Reached skill level 9 in Spellcasting
 19189 | Elf:3    | Noticed a deep elf blademaster
 19197 | Elf:3    | HP: 19/139 [deep elf annihilator/bolt of lightning (43)]
 19341 | Elf:3    | Noticed a deep elf master archer
 19352 | Elf:3    | Killed a deep elf master archer
 19366 | Elf:3    | Noticed a deep elf blademaster
 19381 | Elf:3    | Killed a deep elf blademaster
 19386 | Elf:3    | Killed a ghostly deep elf blademaster
 19389 | Elf:3    | Identified the +0 plate armour "Siuri" {rC- rN+ Str+3}
 19389 | Elf:3    | Identified the ring of Kiuta {rF+ Str+6}
 19389 | Elf:3    | Noticed a deep elf master archer
 19396 | Elf:3    | HP: 39/189 [ghostly deep elf death mage/bolt of negative
                  | energy (16)]
 19407 | Elf:3    | Reached skill level 10 in Fire Magic
 19409 | Elf:3    | HP: 49/199 [deep elf master archer (3)]
 19411 | Elf:3    | Killed from afar by a deep elf annihilator

Vanquished Creatures
  Nikola (Elf:2)
  3 deep elf master archers (Elf:3)
  Gastronok (D:10)
  Kirke (Elf:1)
  4 deep elf sorcerers (Elf:3)
  3 deep elf elementalists
  2 deep elf annihilators (Elf:3)
  4 deep elf demonologists (Elf:3)
  Azrael (Elf:1)
  3 deep elf death magi (Elf:3)
  An entropy weaver (shapeshifter) (Elf:3)
  5 deep elf high priests (Elf:3)
  The ghost of Verendum the Martial Artist, a journeyman OpTm of Ru (Lair:5)
  A hydra (Lair:3)
  Harold (Lair:2)
  A catoblepas (Lair:5)
  A death knight (D:9)
  3 two-headed ogres
  Erica (D:10)
  2 boulder beetles
  8 orc high priests
  24 dancing weapons
  12 deep elf knights
  Sonja (D:10)
  A sun demon (D:9)
  A soul eater (D:8)
  A sixfirhy (D:9)
  A fire crab (shapeshifter) (Elf:3)
  A skeletal warrior (D:9)
  A swamp dragon (Lair:5)
  12 deep elf archers
  A phantasmal warrior (D:9)
  19 deep elf pyromancers
  An orc knight (Orc:2)
  15 deep elf zephyrmancers
  10 elephants
  3 orc sorcerers
  A rust devil (D:9)
  Joseph (D:9)
  A black mamba (Lair:3)
  3 orange demons (D:9)
  2 torpor snails (Lair:5)
  7 cane toads
  2 gargoyles (D:10)
  Maurice (Orc:2)
  A smoke demon (D:9)
  Psyche (D:10)
  11 komodo dragons
  Maggie (Lair:2)
  3 rime drakes
  A freezing wraith (D:9)
  2 hellwings (D:9)
  2 ice devils (D:9)
  A meliai (shapeshifter) (Elf:3)
  A troll (shapeshifter) (Elf:3)
  A polar bear (shapeshifter) (Elf:3)
  4 trolls
  3 polar bears (Lair:5)
  3 hornets (Lair:5)
  4 dream sheep (Lair:5)
  A jumping spider (shapeshifter) (Elf:3)
  A shadow (D:10)
  11 spriggans (Lair:5)
  An air elemental (Elf:3)
  3 water elementals
  A hog (shapeshifter) (Elf:3)
  8 wyverns
  A basilisk (Lair:1)
  48 yaks
  4 hogs (Elf:1)
  3 fire elementals
  2 neqoxecs (D:9)
  3 chaos spawn (D:9)
  3 vampire mosquitoes (Lair:5)
  3 wargs
  3 nagas (Lair:3)
  5 hell hounds (Elf:1)
  9 water moccasins
  A sky beast (D:6)
  14 orc warriors
  A swamp drake (Lair:5)
  6 ice beasts
  4 black bears
  10 ogres
  4 boggarts (Lair:5)
  18 wolves
  4 centaurs
  A phantom (D:10)
  3 lemures (D:4)
  2 kobold brigands
  15 bullfrogs
  A gnoll sergeant (D:9)
  4 scorpions
  3 earth elementals
  A necrophage (D:7)
  10 wights
  3 troll zombies (D:10)
  7 killer bees
  2 quasits (D:9)
  27 orc priests
  4 hounds
  2 gnoll boudas
  Crazy Yiuf (D:2)
  2 iguanas
  28 orc wizards
  5 ogre zombies (D:10)
  15 gnolls
  4 adders
  A river rat (shapeshifter) (Elf:3)
  A shadow imp (D:7)
  5 white imps
  A dart slug (D:1)
  45 orcs
  4 bats (D:1)
  5 endoplasms (D:1)
  4 giant cockroaches
  8 goblins
  5 hobgoblins
  A quokka (D:5)
  4 ball pythons
  2 frilled lizards (D:1)
  A goblin skeleton (D:10)
  A goblin zombie (D:10)
  2 hobgoblin skeletons (D:10)
  3 hobgoblin zombies (D:10)
  18 kobolds
  6 orc skeletons (D:10)
  12 orc zombies (D:10)
  7 rats
657 creatures vanquished.

Vanquished Creatures (collateral kills)
  A deep elf blademaster (Elf:3)
  A deep elf sorcerer (Elf:3)
  A deep elf elementalist (Elf:3)
  A deep elf knight (Elf:3)
  An orc warrior (D:9)
  3 orcs (D:9)
8 creatures vanquished.

Vanquished Creatures (others)
  Pikel (D:4)
  A slime creature (Lair:5)
  2 dream sheep (Lair:5)
  A spriggan (Lair:5)
  2 yaks (Lair:5)
  A vampire mosquito (Lair:5)
  A water moccasin (D:8)
  A black bear (Lair:5)
  A boggart (Lair:5)
  4 wolves
  A centaur (D:5)
  A lemure (D:4)
  A kobold brigand (D:6)
  A wight (D:9)
  A killer bee (D:9)
  A quasit (D:9)
  A hound (D:5)
  85 jellies
  Ijyb (D:3)
  Robin (D:3)
  2 white imps
  A dart slug (D:2)
  4 orcs
  7 endoplasms
  8 goblins
  6 hobgoblins (D:3)
  2 ball pythons
  2 bats (D:2)
  3 frilled lizards
  7 kobolds
  3 rats (D:3)
  11 demonic plants (D:9)
  61 fungi
  69 plants
295 creatures vanquished.

Grand Total: 960 creatures vanquished

Table legend:
 A = Non-vault XP
 B = Vault XP
 C = Vault XP percentage of total XP
 D = Non-vault monster count
 E = Vault monster count
 F = Vault count percentage of total count
                 A         B        C        D         E       F
            +---------+---------+-------+---------+---------+-------
      Total |   77488 |  102943 |  57.1 |     396 |     268 |  40.4
            +---------+---------+-------+---------+---------+-------
        D:1 |      64 |       0 |   0.0 |      30 |       0 |   0.0
        D:2 |      38 |      36 |  48.6 |      10 |       1 |   9.1
        D:3 |       4 |       0 |   0.0 |       2 |       0 |   0.0
        D:4 |     190 |     516 |  73.1 |      14 |       1 |   6.7
        D:5 |     228 |      45 |  16.5 |      11 |       2 |  15.4
        D:6 |     638 |       0 |   0.0 |      10 |       0 |   0.0
        D:7 |    1174 |       0 |   0.0 |      34 |       0 |   0.0
        D:8 |    1330 |    1830 |  57.9 |      14 |       7 |  33.3
        D:9 |    4525 |    6576 |  59.2 |      35 |      19 |  35.2
       D:10 |    4550 |    4373 |  49.0 |      24 |      41 |  63.1
     Lair:1 |    4149 |       0 |   0.0 |      21 |       0 |   0.0
     Lair:2 |    4757 |    1204 |  20.2 |      15 |       2 |  11.8
     Lair:3 |    6000 |    1698 |  22.1 |      22 |       7 |  24.1
     Lair:4 |    7436 |    1087 |  12.8 |      28 |       6 |  17.6
     Lair:5 |    5024 |    9814 |  66.1 |      18 |      45 |  71.4
      Orc:1 |    1813 |       0 |   0.0 |      17 |       0 |   0.0
      Orc:2 |    3714 |    6071 |  62.0 |      37 |      47 |  56.0
      Elf:1 |    8989 |   10446 |  53.7 |      16 |      22 |  57.9
      Elf:2 |   13438 |   26792 |  66.6 |      22 |      34 |  60.7
      Elf:3 |    9427 |   32455 |  77.5 |      16 |      34 |  68.0
            +---------+---------+-------+---------+---------+-------

Illustrated notes

Table legend:
 A = Kills in this place as a percentage of kills in entire the game.
 B = Kills by you in this place as a percentage of kills by you in the entire game.
 C = Kills by friends in this place as a percentage of kills by friends in the entire game.
 D = Other kills in this place as a percentage of other kills in the entire game.
 E = Experience gained in this place as a percentage of experience gained in the entire game.
 F = Experience gained in this place divided by the number of levels of this place that you have seen.
                   A       B       C       D       E      F
               +-------+-------+-------+-------+-------+----------------------
         Total | 100.0 | 100.0 | 100.0 | 100.0 | 100.0 | 6939.7
       Dungeon |  38.4 |  38.2 |  50.0 |  50.0 |  14.5 | 2611.7
          Lair |  24.7 |  24.9 |   0.0 |  50.0 |  22.8 | 8233.8
  Orcish Mines |  15.2 |  15.4 |   0.0 |   0.0 |   6.4 | 5799.0
   Elven Halls |  21.7 |  21.4 |  50.0 |   0.0 |  56.3 | 33849.0
               +-------+-------+-------+-------+-------+----------------------

Table legend: (Time is in decaauts)
 A = Elapsed time spent in this place.
 B = Non-inter-level travel time spent in this place.
 C = Inter-level travel time spent in this place.
 D = Time resting spent in this place.
 E = Time spent auto-exploring this place.
 F = Levels seen in this place.
 G = Mean time per level.
                   A        B        C        D        E       F      G
               +--------+--------+--------+--------+--------+-----+--------+
         Total |  18947 |  17856 |   1091 |    745 |  12736 |  26 |  728.7 |
       Dungeon |   9271 |   8764 |    507 |    179 |   7142 |  10 |  927.1 |
        Temple |    145 |    138 |      7 |      0 |    129 |   1 |  145.0 |
          Lair |   4872 |   4517 |    355 |    198 |   3055 |   5 |  974.4 |
    Slime Pits |    204 |    149 |     55 |      0 |     47 |   5 |   40.8 |
  Orcish Mines |    987 |    900 |     87 |      1 |    640 |   2 |  493.5 |
   Elven Halls |   3465 |   3387 |     78 |    366 |   1723 |   3 | 1155.0 |
               +--------+--------+--------+--------+--------+-----+--------+

Top non-repeatable levels by time:
     D:1: 1522 daAuts
   Elf:2: 1521 daAuts
     D:9: 1436 daAuts
     D:7: 1271 daAuts
  Lair:5: 1201 daAuts
  Lair:4: 1161 daAuts
     D:2: 1076 daAuts
   Elf:3: 994 daAuts
   Elf:1: 948 daAuts
  Lair:1: 840 daAuts
     D:4: 838 daAuts
  Lair:3: 837 daAuts
  Lair:2: 831 daAuts
     D:6: 715 daAuts
    D:10: 694 daAuts
